 Dungeon Crawl Stone Soup version 0.23-a0-393-g6e9e0f2 (webtiles) character file.

814 Amnesiac the Missionary (level 7, -1/57 HPs)
             Began as a Hill Orc Monk on Nov 1, 2018.
             Was a Priest of Beogh.
             Killed by nerve-wracking pain
             ... invoked by Grinder
              (14 damage)
             ... while paralysed by Grinder
             ... on level 5 of the Dungeon.
             The game lasted 00:07:27 (3734 turns).

Amnesiac the Missionary (Hill Orc Monk)             Turns: 3734, Time: 00:07:28

Health: -1/57      AC: 11    Str: 16    XL:     7   Next: 93%
Magic:  12/12      EV:  2    Int: 10    God:    Beogh [***...]
Gold:   210        SH:  0    Dex: 13    Spells: 3/6 levels left

rFire    . . .     SeeInvis +   i - +1 dagger (elec)
rCold    + . .     Gourm    .   (no shield)
rNeg     . . .     Faith    .   q - +0 chain mail
rPois    .         Spirit   .   (no helmet)
rElec    .         Reflect  .   h - +0 cloak
rCorr    .         Harm     .   o - +0 pair of gloves
MR       .....                  r - +0 pair of boots
Stlth    ..........             (no amulet)
HPRegen  0.19/turn              n - ring of protection from cold
MPRegen  0.13/turn              u - ring of see invisible

@: paralysed
A: no striking features
a: Smiting, Renounce Religion


You were on level 5 of the Dungeon.
You worshipped Beogh.
Beogh was most pleased with you.
You were not hungry.

You visited 1 branch of the dungeon, and saw 5 of its levels.

You collected 210 gold pieces.

Inventory:

Hand Weapons
 a - a +0 hand axe
 i - a +1 dagger of electrocution (weapon)
Armour
 h - a +0 cloak (worn)
 o - a +0 pair of gloves (worn)
 q - a +0 chain mail (worn)
 r - a +0 pair of boots (worn)
Jewellery
 m - an uncursed ring of fire
 n - a ring of protection from cold (left hand)
 u - a ring of see invisible (right hand)
Wands
 g - a wand of clouds (4)
Scrolls
 d - 2 scrolls of teleportation {!r}
 e - a scroll of magic mapping {!r}
 j - 2 scrolls of fog {!r}
 s - a scroll of remove curse {!r, unknown}
 t - 2 scrolls of identify {!r}
Potions
 b - a potion of flight {!q, unknown}
 f - a potion of curing {!q, unknown}
 k - a potion of lignification {!q, unknown}
 p - 2 potions of cancellation {!q}
Comestibles
 c - 9 rations
 v - a chunk of flesh


   Skills:
 - Level 3.6 Fighting
 - Level 7.0 Axes
 - Level 2.4 Dodging
 - Level 1.5 Stealth
 * Level 7.7 Invocations
 - Level 4.0 Evocations


You had 3 spell levels left.
You knew the following spells:

 Your Spells              Type           Power        Failure   Level  Hunger
a - Animate Skeleton      Necr           N/A          100%        1    ##.....
b - Apportation           Tloc           #.....       100%        1    ##.....
z - Confusing Touch       Hex            #.....       100%        1    ##.....

Your spell library contained the following spells:

 Spells                   Type           Power        Failure   Level  Hunger
 Freeze                   Ice            #...         100%        1    ##.....
 Summon Small Mammal      Summ           #...         100%        1    ##.....
 Throw Frost              Conj/Ice       #.....       100%        2    ###....
 Ozocubu's Armour         Chrm/Ice       #.......     100%        3    ####...
 Summon Ice Beast         Ice/Summ       #.......     100%        4    #####..
 Throw Icicle             Conj/Ice       #.......     100%        4    #####..


Dungeon Overview and Level Annotations

Branches:
Dungeon (5/15)
 Temple: D:4-7

Altars:
Qazlal
Trog
Xom
Zin

Shops:
D:4 *

Annotations:
D:4 exclusion: wizard
D:5 Grinder


Message History

You closely miss the jackal.
The jackal is almost dead.
You feel sick.
The jackal bites you but does no damage.
Grinder misses your orc. The jackal barely misses you.
Your chain mail prevents you from hitting the jackal.
The jackal is almost dead.
Grinder hits your orc. The jackal misses you.
The jackal dies!
Beogh accepts your kill.
Your orc looks more experienced.
Grinder gestures at your orc.
Your orc writhes in agony!
Your orc dies!
Grinder shouts!
Grinder hits you!
You writhe in agony.
* * * LOW HITPOINT WARNING * * *
You closely miss Grinder.
Grinder is almost dead.
You feel sick. Grinder gestures at you. You resist with significant effort.
You hit Grinder.
Grinder is almost dead.
Grinder blinks!
There is an open door here.
You barely miss Grinder.
Grinder is almost dead.
Grinder blinks!
You feel sick.
You are no longer poisoned.
Grinder gestures at you.
You suddenly lose the ability to move!
An orc comes into view. It is wielding a +0 flail.
The orc shouts!
You can move again.
Grinder blinks!
Unknown command.
Grinder gestures at you.
You struggle to resist.
Grinder gestures at you. Pain shoots through your body!
* * * LOW HITPOINT WARNING * * *
Grinder barely misses you.
You hit Grinder.
Grinder is almost dead.
Grinder hits you.
* * * LOW HITPOINT WARNING * * *
You writhe in agony.
* * * LOW HITPOINT WARNING * * *
You are too injured to fight recklessly!
You are too injured to fight recklessly!
You are too injured to fight recklessly!
You closely miss Grinder.
Grinder is almost dead.
Grinder gestures at you.
You suddenly lose the ability to move!
Grinder gestures at you. You resist with significant effort.
Grinder hits you but does no damage. Grinder barely misses you.
Grinder gestures at you. Pain shoots through your body!
You die...

#..≈ ... +.............. #.≈≈
##.# #..............
###.≈≈#####..#####.####........
....≈...............###.#+#+#..
....≈.........................>
#.≈≈.#)###.#####..###.#.#....
#≈≈.....##.#####...##.#.#....
#≈......##.#...#.#.##.#.#....
#≈...)...o..@5.#.#..#.#.#....
....#+##'#.#............#.#..#.
... #.##..#..........#.#..#. ..
#.###+#.....÷..#.#.#..#. .
..#......##.÷....#.#..#.
###.....#####...##.#..#.
+......#.......#.#....
#.....##.##.#..#.#.##.
#.#+#.##.##......#o...


You could see Grinder and an orc.

Vanquished Creatures
  2 ogres (D:4)
  2 phantoms (D:4)
  A big kobold (D:4)
  A howler monkey (D:4)
  2 orc wizards (D:3)
  5 worker ants (D:4)
  3 gnolls (D:2)
  2 adders (D:4)
  2 oozes
  2 worms
  12 dart slugs
  2 leopard geckos
  8 orcs
  A ball python (D:1)
  2 giant cockroaches (D:1)
  5 goblins (D:1)
  9 hobgoblins
  4 quokkas
  6 bats
  3 frilled lizards
  12 kobolds
  A leopard gecko skeleton (D:4)
  6 rats
93 creatures vanquished.

Vanquished Creatures (collateral kills)
  A worker ant (D:5)
  An orc (D:5)
  6 jackals (D:5)
8 creatures vanquished.

Vanquished Creatures (others)
  An orc priest (D:5)
  An adder (D:3)
  4 orcs
  A goblin (D:3)
  A rat (D:3)
8 creatures vanquished.

Grand Total: 109 creatures vanquished

Notes
Turn   | Place    | Note
-------+----------+-------------------------------------------
     0 | D:1      | Amnesiac the Hill Orc Monk began the quest for the Orb.
     0 | D:1      | Reached XP level 1. HP: 19/19 MP: 1/1
    83 | D:1      | Reached XP level 2. HP: 26/26 MP: 2/2
   119 | D:1      | Reached skill level 5 in Axes
   153 | D:1      | Reached XP level 3. HP: 22/31 MP: 3/3
   349 | D:3      | Became a worshipper of Beogh the Brigand
   349 | D:3      | Reached * piety under Beogh
   349 | D:3      | Reached ** piety under Beogh
   422 | D:3      | Reached XP level 4. HP: 13/39 MP: 4/4
   740 | D:3      | Learned a level 1 spell: Confusing Touch
   742 | D:3      | Learned a level 1 spell: Animate Skeleton
   744 | D:3      | Learned a level 1 spell: Apportation
   767 | D:3      | Reached skill level 1 in Evocations
  1039 | D:2      | Reached XP level 5. HP: 37/45 MP: 6/6
  1795 | D:2      | Reached skill level 1 in Invocations
  2109 | D:3      | Found a stormy altar of Qazlal.
  2237 | D:4      | Reached XP level 6. HP: 32/51 MP: 8/8
  2378 | D:4      | Reached *** piety under Beogh
  2493 | D:4      | Noticed a phantom
  2522 | D:4      | Killed a phantom
  2522 | D:4      | Reached skill level 5 in Invocations
  2522 | D:4      | Reached XP level 7. HP: 52/57 MP: 10/10
  2672 | D:4      | Found a shimmering altar of Xom.
  3076 | D:4      | Found Zin's Purification Station.
  3078 | D:4      | Found a glowing silver altar of Zin.
  3189 | D:4      | Found a bloodstained altar of Trog.
  3192 | D:4      | Noticed a wizard
  3330 | D:5      | Entered Level 5 of the Dungeon
  3684 | D:5      | Noticed Grinder
  3722 | D:5      | Paralysed by Grinder for 2 turns
  3730 | D:5      | Paralysed by Grinder for 5 turns
  3734 | D:5      | Killed from afar by Grinder

Vault maps used:
D:1:      sevenhm_arrival_forest_fort_small_3, minmay_misc_feat_cross
D:3:      kennysheep_slugbush, first_ration, nicolae_qazlal_eye_of_the_storm
D:4:      cheibrodos_thug_alley, zin_purify, tgw_xom,
          chequers_serial_rivers_small_b, minmay_misc_feat_nine_boxes,
          trog_wizard
D:5:      kennysheep_little_box, hangedman_decor_riveting,
          chequers_serial_rivers_small_a, uniq_grinder

Skill      XL: |  1  2  3  4  5  6  7 |
---------------+----------------------+-----
Axes           | 5 6 7 |  7.0
Evocations     | 1 2 3 4 |  4.0
Invocations    | 3 5 7 |  7.7
Fighting       | |  3.6
Dodging        | |  2.4
Stealth        | |  1.5

Action                   |  1- 3 |  4- 6 |  7- 9 || total
-------------------------+-------+-------+-------++-------
Melee: Hand axe          |    60 |       |       ||    60
       Dagger            |    26 |   151 |    86 ||   263
Invok: Convert to Beogh  |     1 |       |       ||     1
  Use: Potion            |     1 |       |     1 ||     2
       Scroll            |       |     5 |       ||     5
 Stab: Sleeping          |     1 |       |       ||     1
  Eat: Chunk             |       |     5 |     1 ||     6
       Ration            |       |       |     1 ||     1
Armor: Scale mail        |    39 |    35 |       ||    74
       Robe              |     2 |       |       ||     2
       Chain mail        |       |    43 |    56 ||    99
Dodge: Dodged            |    50 |    79 |    40 ||   169

Table legend:
 A = Non-vault XP
 B = Vault XP
 C = Vault XP percentage of total XP
 D = Non-vault monster count
 E = Vault monster count
 F = Vault count percentage of total count
                 A         B        C        D         E       F
            +---------+---------+-------+---------+---------+-------
      Total |    1019 |     144 |  12.4 |      83 |      18 |  17.8
            +---------+---------+-------+---------+---------+-------
        D:1 |      57 |       0 |   0.0 |      29 |       0 |   0.0
        D:2 |      60 |       0 |   0.0 |      12 |       0 |   0.0
        D:3 |     106 |      32 |  23.2 |      11 |       8 |  42.1
        D:4 |     756 |     112 |  12.9 |      19 |      10 |  34.5
        D:5 |      40 |       0 |   0.0 |      12 |       0 |   0.0
            +---------+---------+-------+---------+---------+-------
